 Dungeon Crawl Stone Soup version 0.18-a0-1225-g5d63bca (webtiles) character file.

703 ipx the Skirmisher (level 7, 12/58 HPs)
             Began as a Human Assassin on Feb 3, 2016.
             Was an Initiate of Trog.
             Quit the game on level 6 of the Dungeon.
             The game lasted 00:25:47 (1948 turns).

ipx the Skirmisher (Human Assassin)                 Turns: 1948, Time: 00:25:47

Health: 12/58      AC:  2    Str: 12    XL:     7   Next: 99%
Magic:  7/7        EV: 13    Int: 11    God:    Trog [......]
Gold:   131        SH:  0    Dex: 16    Spells: 0 memorised, 6 levels left

rFire  . . .     SeeInvis .     a - +2 dagger
rCold  + . .     Gourm    .     s - +0 ring mail (curse)
rNeg   . . .     Faith    .     (no shield)
rPois  .         Spirit   .     (no helmet)
rElec  .         Dismiss  .     d - +1 cloak
rCorr  .         Reflect  .     z - +2 pair of gloves
SustAt .         Harm     .     (no boots)
MR     .....                    (no amulet)
Stlth  ++........               (no ring)
                                c - ring of protection from cold

@: corroded equipment, not resistant to hostile enchantments, unstealthy
A: no striking features
a: Burn Spellbooks, Renounce Religion


You were on level 6 of the Dungeon.
You worshipped Trog.
Trog was noncommittal.
You were not hungry.

You visited 2 branches of the dungeon, and saw 8 of its levels.

You collected 131 gold pieces.

Inventory:

Hand Weapons
 a - a +2 dagger (weapon)
 b - a +0 blowgun
 m - a +0 arbalest
Missiles
 e - 4 poisoned needles
 k - 2 curare-tipped needles
Armour
 d - a +1 cloak (worn)
 o - a +0 pair of gloves
 s - a cursed +0 ring mail (worn)
 y - a +0 robe
 z - a +2 pair of gloves (worn)
Jewellery
 c - a ring of protection from cold (left hand)
Wands
 f - a wand of polymorph (0/24)
 w - a wand of disintegration (0/24)
Scrolls
 q - a scroll of recharging
 u - a scroll of amnesia
 v - a scroll of fog
Potions
 h - a potion of invisibility
 i - a potion of magic
 j - a potion of cure mutation
 l - a potion of poison
 n - 2 potions of heal wounds
 p - a potion of resistance
 r - 4 potions of agility
Comestibles
 g - a bread ration
 t - a slice of pizza
 x - a meat ration


   Skills:
 + Level 6.0 Fighting
 - Level 2.0 Short Blades
 - Level 2.0 Throwing
 + Level 4.9 Dodging
 - Level 5.2 Stealth


You had 6 spell levels left.
You didn't know any spells.

Dungeon Overview and Level Annotations

Branches:
Dungeon (7/15)             Temple (1/1) D:5

Altars:
Ashenzari
Cheibriados
Elyvilon
Fedhas
Kikubaaqudgha
Okawaru
Pakellas
Qazlal
Sif Muna
Trog
Xom
Zin
The Shining One

Annotations:
D:3 pedritolo's ghost, amateur DsCK
D:4 Menkaure


Message History

You see here 2 chunks of flesh.
You see here 2 chunks of flesh.
You are no longer corroded.
You see here 2 chunks of flesh.
You hit the jelly. The acid corrodes you!
Your hands burn!
The jelly is severely wounded.
You hit the jelly. The acid corrodes you!
Your hands burn!
The jelly is severely wounded.
The jelly hits you.
You are splashed with acid!
The acid burns!
You hit the jelly but do no damage.
Your hands burn!
The jelly is severely wounded.
The jelly hits you but does no damage.
Evoke which item? (* to show all) (? for menu, Esc to quit)
Zapping:
w - a wand of disintegration {zapped: 7} (will waste charges)
Press: ? - help, Shift-Dir - straight line, f - jelly
Aim: a jelly (severely wounded, chance to defeat MR: 73%) Nothing appears to happen.
The jelly hits you.
You are splashed with acid!
The acid burns!
* * * LOW HITPOINT WARNING * * *
Are you sure you want to abandon this character and quit the game? (Confirm with "yes".)

# #.##<.###..##.#.# #
#.##..# #..##.#.### #
#.##..###..##.....# .
...#..........###.###
........#####....#
#...# .##...#.#
####.###.#.#
####.##.# #.....#.# #
## #.# ####J#..#.#
#.# #..@###.#.# #.#
#.##%#..#.# #.#
#.###.....### #.#
##......# #.#
#.####.# .######.#
#.# #.# ........# #.#
#.# #######......#
#.# #......# #.#


You could see a jelly.

Vanquished Creatures
  Duvessa (D:5)
  An ogre (D:4)
  A giant frog (D:6)
  Dowan (D:5)
  A water moccasin zombie (D:6)
  2 hounds
  A giant frog skeleton (D:4)
  A jelly (D:5)
  4 worker ants
  A hound skeleton (D:4)
  A worker ant zombie (D:6)
  7 adders
  2 oozes
  A giant gecko (D:4)
  A ball python (D:3)
  2 giant cockroaches
  3 goblins
  5 hobgoblins (D:1)
  3 kobolds
  2 quokkas (D:3)
  6 bats
  6 giant newts
  5 rats
58 creatures vanquished.

Notes
Turn   | Place    | Note
--------------------------------------------------------------
     0 | D:1      | ipx the Human Assassin began the quest for the Orb.
     0 | D:1      | Reached XP level 1. HP: 16/16 MP: 1/1
    64 | D:1      | Reached XP level 2. HP: 14/23 MP: 2/2
   321 | D:2      | Reached XP level 3. HP: 23/28 MP: 3/3
   470 | D:2      | Reached XP level 4. HP: 32/35 MP: 4/4
   483 | D:2      | Reached skill level 5 in Stealth
   691 | D:3      | Noticed pedritolo's ghost (amateur DsCK)
   696 | D:3      | Noticed an ogre
   766 | D:4      | Reached XP level 5. HP: 27/41 MP: 5/5
   842 | D:4      | Noticed Menkaure
   976 | D:4      | Noticed an ogre
   988 | D:4      | Killed an ogre
   988 | D:4      | Reached XP level 6. HP: 38/48 MP: 6/6
  1145 | D:5      | Entered Level 5 of the Dungeon
  1175 | D:4      | Found a shattered altar of Ashenzari.
  1183 | D:5      | Found a staircase to the Ecumenical Temple.
  1190 | Temple   | Entered the Ecumenical Temple
  1246 | Temple   | Became a worshipper of Trog the Wrathful
  1277 | D:6      | Noticed an orc warrior
  1315 | D:5      | Noticed Dowan
  1324 | D:5      | Noticed Duvessa
  1346 | D:5      | Killed Duvessa
  1346 | D:5      | Reached skill level 5 in Fighting
  1346 | D:5      | Reached XP level 7. HP: 51/56 MP: 7/7
  1366 | D:5      | Killed Dowan
  1820 | D:6      | Reached skill level 6 in Fighting
  1948 | D:6      | Quit the game

Vault maps used:
D:1:      dpeg_arrival_rooms_with_view
D:2:      minmay_lizard_king
D:4:      nicolae_overflow_hidden_temple, portal_sewer_entry_b, first_bread,
          uniq_menkaure
D:5:      minmay_temple_entry_purple_smoke, item_on_display_a, uniq_duvessa
D:6:      grunt_dithmenos_shadows
D:7:      wad_woods_stonehenge, nicolae_overflow_crystal_walls, the_bakery
Temple:   triangle_lava_temple_12

Action                   |  1- 3 |  4- 6 |  7- 9 || total
-------------------------+-------+-------+-------++-------
Melee: Dagger            |    56 |    73 |   102 ||   231
 Fire: Blowgun           |     8 |    12 |    10 ||    30
Evoke: Wand              |       |     3 |       ||     3
  Use: Scroll            |       |    11 |     2 ||    13
       Potion            |       |     1 |       ||     1
 Stab: Sleeping          |     2 |    10 |     2 ||    14
  Eat: Chunk             |       |     1 |     3 ||     4
